 Dungeon Sprint DCSS version 0.23-a0-180-ga5275e7 (webtiles) character file.

18706 Fang the Severer (level 12, -7/100 HPs)
             Began as a Gargoyle Berserker on Sept 18, 2018.
             Was the Champion of Trog.
             Killed by Lee's Rapid Deconstruction
             ... invoked by a deep troll earth mage
              (23 damage)
             ... in the Dungeon (Sprint IX: "|||||||||||||||||||||||||||||").
             The game lasted 00:08:01 (3106 turns).

Fang the Severer (Gargoyle Berserker)               Turns: 3106, Time: 00:08:02

Health: -7/100     AC: 26    Str: 29    XL:     12   Next: 61%
Magic:  2/4        EV: 15    Int:  8    God:    Trog [******]
Gold:   1666       SH:  0    Dex:  7    Spells: 11/11 levels left

rFire    . . .     SeeInvis .   w - +4 battleaxe (antimagic)
rCold    . . .     Gourm    .   (shield currently unavailable)
rNeg     + . .     Faith    .   z - +0 scale mail "Atedd" {-Cast rElec MR+ Slay+5}
rPois    ∞         Spirit   .   b - +0 helmet
rElec    +         Reflect  .   (no cloak)
rCorr    .         Harm     .   q - +1 pair of gloves
MR       +....     NoTele   +   A - +2 pair of boots {run} Stlth ..........NoCast +
                                (no amulet)
HPRegen  0.26/turn              o - +3 ring of strength
MPRegen  0.09/turn              p - +2 ring of evasion

@: berserk cooldown, slowed, very slow
A: clumsy 1, negative energy resistance 1, sense surroundings 1, robust 1,
electricity resistance, unbreathing, petrification resistance, rot immunity, AC
+8
a: Berserk, Trog's Hand, Brothers in Arms, Renounce Religion


You were in the Dungeon.
You worshipped Trog.
Trog was exalted by your worship.
You were near starving.

You visited 1 branch You collected 1754 gold pieces.
You spent 88 gold pieces at shops.

Inventory:

Hand Weapons
 a - a +0 hand axe
 n - a +1 broad axe of chopping
 r - a +3 executioner's axe of flaming
 w - a +4 antimagic battleaxe (weapon)
Armour
 b - a +0 helmet (worn)
 q - a +1 pair of gloves (worn)
 z - the +0 scale mail "Atedd" (worn) {-Cast rElec MR+ Slay+5}
   (You found it in the Dungeon)

   It affects your accuracy and damage with ranged weapons and melee attacks
   (+5).
   It insulates you from electricity.
   It affects your resistance to hostile enchantments.
   It prevents spellcasting.
 A - a +2 pair of boots of running (worn)
Jewellery
 o - a +3 ring of strength (left hand)
 p - a +2 ring of evasion (right hand)
 v - an uncursed ring of protection from magic
 x - an uncursed ring of protection from fire
 y - an uncursed ring of protection from magic
Wands
 m - a wand of iceblast (10)
Scrolls
 i - 3 scrolls of blinking
 l - 4 scrolls of remove curse
 t - 4 scrolls of enchant armour
 u - 2 scrolls of enchant weapon
 C - a scroll of fog
 D - 2 scrolls of identify
Potions
 d - 5 potions of curing
 e - 7 potions of heal wounds
 f - 4 potions of haste
 g - 5 potions of magic
 h - a potion of berserk rage
 k - a potion of invisibility
 s - a potion of resistance
 B - a potion of agility
Comestibles
 c - 11 rations


   Skills:
 + Level 17.3 Fighting
 + Level 20.1 Axes
 + Level 12.9 Armour
 + Level 7.0 Dodging
 + Level 2.2 Stealth


You had 11 spell levels left.
You didn't know any spells.
Your spell library was empty.

Dungeon Overview and Level Annotations

Branches:
Dungeon (1/1)

Altars:
Cheibriados
Dithmenos
Elyvilon
Fedhas
Gozag
Hepliaklqana
Kikubaaqudgha
Makhleb
Nemelex Xobeh
Okawaru
Qazlal
Ru
Sif Muna
Trog
Uskayaw
Vehumet
Wu Jian
Xom
Yredelemnul
Zin
The Shining One
Beogh
Jiyva
Lugonu

Shops:
D (}}!


Innate Abilities, Weirdness & Mutations

You are resistant to torment.
Your stone body is resilient. (AC +8)
You are immune to poison.
You resist negative energy. (rN+)
You are resistant to electric shocks. (rElec)
You can survive without breathing.
You are immune to petrification.
You are immune to rotting.
You are clumsy. (Dex -2)
You passively map a small area around you.
You are robust. (+10% HP)


Message History

The tengu reaver pecks your deep troll. The tengu reaver claws your deep troll.
Your deep troll bites the tengu reaver!!
Your deep troll claws the tengu reaver!!
The tengu reaver dies!
Trog accepts your kill.
Trog appreciates your killing of a magic user.
Your Dodging skill increases to level 7!
Things that are here:
an uncursed shortbow; 24 arrows; a centaur corpse The battlesphere dissipates.
The deep troll earth mage points at you and mumbles some strange words.
You shatter!
* * * LOW HITPOINT WARNING * * *
The yaktaur wields an arbalest.
The yaktaur shoots a bolt.
The bolt closely misses your deep troll.
The bolt hits you!
* * * LOW HITPOINT WARNING * * *
The deep troll earth mage points at you and mumbles some strange words.
You shatter!
You die...

, , , , , * * * * * , ,, , , , ,
, * * * * * * * * ** , ,,, ,,, ,,
+, , * ** * * * * ** , , ,
▓▓▓▓▓▓▓▓▓▓▓▓▓▓▓▓▓▓▓▓▓▓▓▓▓▓ +
T.TDTcT).@)((.........[[.[
▓▓▓▓▓▓▓▓▓▓▓▓▓▓▓▓▓▓▓▓▓▓▓▓▓▓▓▓▓▓▓▓▓
.................................
▓▓▓▓▓▓▓▓▓▓▓▓▓▓▓▓▓▓▓▓▓▓▓▓▓▓▓▓▓▓▓▓▓
..'.))..∩.∩(∩.∩.)))))........))))
▓▓▓▓▓▓▓▓▓▓▓▓▓▓▓▓▓▓▓▓▓▓▓▓▓▓▓▓▓▓▓▓▓
.......................(...(..)..
▓▓▓▓▓▓▓▓▓▓▓▓▓▓▓▓▓▓▓▓▓▓▓▓▓▓▓▓▓▓▓▓▓
[[[[..'..[.........†)........÷)..


You could see an ice dragon, 2 deep troll earth magi, a yaktaur and a friendly
deep troll (berserk).

Vanquished Creatures
  Harold (D)
  3 centaur warriors (D)
  4 orc high priests (D)
  A skeletal warrior (D)
  An unseen horror (D)
  4 orc knights (D)
  2 orc sorcerers (D)
  A deep elf mage (D)
  An elephant (D)
  5 spiny frogs (D)
  Psyche (D)
  A komodo dragon (D)
  A tengu conjurer (D)
  3 blink frogs (D)
  A hippogriff (D)
  2 wraiths (D)
  Grum (D)
  2 vampire mosquitoes (D)
  2 porcupines (D)
  2 water moccasins (D)
  6 orc warriors (D)
  An ogre (D)
  An eye of draining (shapeshifter) (D)
  A wolf (shapeshifter) (D)
  4 wolves (D)
  3 crocodiles (D)
  4 bullfrogs (D)
  A crimson imp (D)
  A quasit (D)
  5 orc priests (D)
  A gnoll shaman (D)
  A jelly (D)
  An iguana (D)
  A worker ant (D)
  3 orc wizards (D)
  An adder skeleton (D)
  A leopard gecko (D)
  7 orcs (D)
  A goblin (D)
  A jackal (D)
  A quokka (D)
  A frilled lizard (D)
  A kobold (D)
  A rat (D)
88 creatures vanquished.

Vanquished Creatures (collateral kills)
  A tengu reaver (D)
  5 orc high priests (D)
  3 orc knights (D)
  A torpor snail (D)
  A komodo dragon (D)
  A water moccasin (D)
  An orc warrior (D)
  A crocodile (D)
  An orc priest (D)
15 creatures vanquished.

Grand Total: 103 creatures vanquished

Notes
Turn   | Place    | Note
-------+----------+-------------------------------------------
     0 | D        | Fang the Gargoyle Berserker began the quest for the Orb.
     0 | D        | Reached XP level 1. HP: 14/14 MP: 1/1
     9 | D        | Reached skill level 3 in Axes
    14 | D        | Reached ** piety under Trog
   392 | D        | Noticed an iguana
   392 | D        | Noticed an ogre
   392 | D        | Noticed a jelly
   394 | D        | Killed a jelly
   394 | D        | Reached skill level 5 in Fighting
   394 | D        | Reached skill level 4 in Axes
   394 | D        | Reached XP level 2. HP: 21/21 MP: 2/2
   394 | D        | Reached XP level 3. HP: 26/26 MP: 3/3
   397 | D        | Killed an ogre
   397 | D        | Reached *** piety under Trog
   397 | D        | Reached skill level 6 in Axes
   397 | D        | Reached XP level 4. HP: 34/34 MP: 4/4
   397 | D        | Reached XP level 5. HP: 38/38 MP: 5/5
   547 | D        | Found a roughly hewn altar of Beogh.
   547 | D        | Found a snail-covered altar of Cheibriados.
   547 | D        | Found a shadowy altar of Dithmenos.
   547 | D        | Found a white marble altar of Elyvilon.
   547 | D        | Found a blossoming altar of Fedhas.
   547 | D        | Found an opulent altar of Gozag.
   548 | D        | Found a hazy altar of Hepliaklqana.
   549 | D        | Found a viscous altar of Jiyva.
   550 | D        | Found an ancient bone altar of Kikubaaqudgha.
   551 | D        | Found a corrupted altar of Lugonu.
   552 | D        | Found a burning altar of Makhleb.
   553 | D        | Found a sparkling altar of Nemelex Xobeh.
   554 | D        | Found an iron altar of Okawaru.
   555 | D        | Found a stormy altar of Qazlal.
   556 | D        | Found a sacrificial altar of Ru.
   557 | D        | Found a deep blue altar of Sif Muna.
   558 | D        | Found a bloodstained altar of Trog.
   559 | D        | Found a hide-covered altar of Uskayaw.
   560 | D        | Found a radiant altar of Vehumet.
   561 | D        | Found an ornate altar of the Wu Jian Council.
   562 | D        | Found a shimmering altar of Xom.
   563 | D        | Found a basalt altar of Yredelemnul.
   564 | D        | Found a glowing silver altar of Zin.
   565 | D        | Found a glowing golden altar of the Shining One.
   622 | D        | Noticed an orc warrior
   622 | D        | Noticed a hippogriff
   625 | D        | Reached **** piety under Trog
   627 | D        | Reached skill level 7 in Axes
   631 | D        | Killed a hippogriff
   631 | D        | Reached skill level 8 in Axes
   631 | D        | Reached XP level 6. HP: 47/47 MP: 6/6
   638 | D        | Killed an orc warrior
   638 | D        | Reached skill level 10 in Fighting
   638 | D        | Reached skill level 9 in Axes
   638 | D        | Reached skill level 5 in Armour
   638 | D        | Reached XP level 7. HP: 52/52 MP: 7/7
   644 | D        | Reached ***** piety under Trog
   701 | D        | Noticed a centaur warrior
   701 | D        | Noticed a centaur warrior
   701 | D        | Noticed a skeletal warrior
   708 | D        | Killed a skeletal warrior
   708 | D        | Reached skill level 11 in Axes
   708 | D        | Reached XP level 8. HP: 60/60 MP: 8/8
   714 | D        | Killed a centaur warrior
   714 | D        | Reached skill level 12 in Axes
   714 | D        | Reached skill level 5 in Dodging
   714 | D        | Reached XP level 9. HP: 66/66 MP: 9/9
   719 | D        | Killed a centaur warrior
   719 | D        | Reached skill level 13 in Axes
   726 | D        | Received a gift from Trog
   908 | D        | Noticed a spiny frog
   911 | D        | Noticed a komodo dragon
   914 | D        | Killed a spiny frog
   914 | D        | Reached skill level 14 in Axes
   922 | D        | Noticed a torpor snail
   930 | D        | Killed a komodo dragon
   931 | D        | Reached XP level 10. HP: 73/74 MP: 10/10
   934 | D        | Killed a torpor snail
  1178 | D        | Noticed an elephant
  1178 | D        | Noticed a spiny frog
  1180 | D        | Killed a spiny frog
  1180 | D        | Reached skill level 1 in Stealth
  1182 | D        | Reached ****** piety under Trog
  1182 | D        | Received a gift from Trog
  1185 | D        | Killed an elephant
  1185 | D        | Reached skill level 15 in Axes
  1380 | D        | Noticed a spiny frog
  1380 | D        | Noticed a spiny frog
  1380 | D        | Noticed a spiny frog
  1383 | D        | Killed a spiny frog
  1383 | D        | Received a gift from Trog
  1384 | D        | Killed a spiny frog
  1385 | D        | Killed a spiny frog
  1385 | D        | Reached skill level 16 in Axes
  1385 | D        | Reached skill level 10 in Armour
  1403 | D        | Received a gift from Trog
  1508 | D        | Noticed Harold
  1521 | D        | Killed Harold
  1521 | D        | Reached skill level 15 in Fighting
  1521 | D        | Reached XP level 11. HP: 71/81 MP: 3/11
  1620 | D        | Received a gift from Trog
  1640 | D        | Noticed an orc sorcerer
  1655 | D        | Killed an orc sorcerer
  1655 | D        | Received a gift from Trog
  1655 | D        | Reached skill level 17 in Axes
  1775 | D        | Noticed an orc sorcerer
  1783 | D        | Noticed an orc knight
  1784 | D        | Killed an orc sorcerer
  1785 | D        | Noticed an orc high priest
  1790 | D        | Noticed an orc high priest
  1794 | D        | Noticed a sixfirhy
  1799 | D        | Killed an orc knight
  1799 | D        | Received a gift from Trog
  1804 | D        | Noticed a sixfirhy
  1813 | D        | Killed an orc high priest
  1822 | D        | Killed an orc high priest
  2041 | D        | Found Qeg Vyf's Distillery.
  2041 | D        | Noticed an orc high priest
  2041 | D        | Noticed an orc knight
  2041 | D        | Noticed an orc knight
  2041 | D        | Noticed an orc high priest
  2041 | D        | Noticed an orc high priest
  2042 | D        | Noticed an orc knight
  2048 | D        | Killed an orc high priest
  2049 | D        | Found Uwaxeci's Gadget Shop.
  2049 | D        | Noticed an orc knight
  2051 | D        | Killed an orc high priest
  2051 | D        | Received a gift from Trog
  2051 | D        | Reached skill level 18 in Axes
  2054 | D        | Noticed an orc high priest
  2056 | D        | Killed an orc knight
  2059 | D        | Noticed an orc high priest
  2064 | D        | Killed an orc knight
  2065 | D        | Found Ofufraog's Gadget Boutique.
  2065 | D        | Noticed an orc high priest
  2069 | D        | Killed an orc high priest
  2077 | D        | Killed an orc knight
  2078 | D        | Killed an orc knight
  2087 | D        | Killed an orc high priest
  2089 | D        | Killed an orc high priest
  2089 | D        | Reached XP level 12. HP: 9/88 MP: 4/12
  2096 | D        | Killed an orc high priest
  2096 | D        | Reached skill level 19 in Axes
  2107 | D        | Found Gaiga's Weapon Shop.
  2118 | D        | Received a gift from Trog
  2433 | D        | Bought a potion of curing for 33 gold pieces
  2433 | D        | Bought a potion of heal wounds for 55 gold pieces
  2436 | D        | Noticed an orc high priest
  2458 | D        | Killed an orc high priest
  2828 | D        | Noticed Grum
  2831 | D        | Noticed Psyche
  2839 | D        | Killed Grum
  2846 | D        | Killed Psyche
  2935 | D        | Got the cursed +0 scale mail "Atedd" {-Cast rElec MR+
                  | Slay+5}
  2975 | D        | Identified a +2 pair of boots of running (You found it in
                  | the Dungeon)
  3034 | D        | Gained mutation: You are robust. (+10% HP) [potion of
                  | mutation]
  3034 | D        | Gained mutation: You are clumsy. (Dex -2) [potion of
                  | mutation]
  3034 | D        | Gained mutation: You passively map a small area around you.
                  | [potion of mutation]
  3068 | D        | Noticed a centaur warrior
  3073 | D        | Killed a centaur warrior
  3073 | D        | Received a gift from Trog
  3081 | D        | Noticed a tengu reaver
  3082 | D        | Received a gift from Trog
  3089 | D        | Reached skill level 20 in Axes
  3090 | D        | Noticed a deep troll earth mage
  3093 | D        | Noticed an ice dragon
  3102 | D        | Noticed a deep troll earth mage
  3105 | D        | Killed a tengu reaver
  3106 | D        | Killed from afar by a deep troll earth mage

Vault maps used:
D:        linesprint

Skill      XL: |  1  2  3  4  5  6  7  8  9 10 11 12 |
---------------+-------------------------------------+-----
Axes           | 4 6 8 9 11 12 14 16 18 20 | 20.1
Fighting       | 5 7 9 10 11 12 13 15 16 17 | 17.3
Dodging        | 2 3 4 5 6 7 |  7.0
Armour         | 3 4 5 6 7 8 10 11 12 | 12.9
Stealth        | 2 |  2.2

Action                   |  1- 3 |  4- 6 |  7- 9 | 10-12 || total
-------------------------+-------+-------+-------+-------++-------
Melee: Hand axe          |    25 |    10 |       |       ||    35
       Broad axe         |       |    14 |    29 |       ||    43
       Executioner's axe |       |       |    17 |    50 ||    67
       Battleaxe         |       |       |       |   153 ||   153
Invok: Berserk           |     1 |     1 |     2 |     6 ||    10
       Brothers in Arms  |       |       |     1 |     7 ||     8
  Use: Potion            |       |       |       |     7 ||     7
       Scroll            |       |       |       |     1 ||     1
  Eat: Chunk             |       |       |     3 |    12 ||    15
       Ration            |       |       |       |     1 ||     1
Armor: Animal skin       |     5 |     2 |       |       ||     7
       Chain mail        |       |     4 |    23 |    73 ||   100
       Scale mail        |       |       |       |    16 ||    16
Dodge: Dodged            |    12 |     8 |    34 |    93 ||   147

Table legend:
 A = Non-vault XP
 B = Vault XP
 C = Vault XP percentage of total XP
 D = Non-vault monster count
 E = Vault monster count
 F = Vault count percentage of total count
                 A         B        C        D         E       F
            +---------+---------+-------+---------+---------+-------
      Total |       0 |   26724 | 100.0 |       0 |     103 | 100.0
            +---------+---------+-------+---------+---------+-------
          D |       0 |   26724 | 100.0 |       0 |     103 | 100.0
            +---------+---------+-------+---------+---------+-------
